 Dungeon Sprint DCSS version 0.17-a0-2118-g63bad21 (webtiles) character file.

13600000 hexophile the Ninja (level 27, -90/174 HPs)
             Began as a Spriggan Skald on Oct 20, 2015.
             Was the Champion of Makhleb.
             Annihilated by a fleshlord
             ... wielding a +9 great mace
              (165 damage)
             ... in the Dungeon (Sprint VIII: "Arena of Blood").
             The game lasted 00:03:42 (136 turns).

hexophile the Ninja (Spriggan Skald)                 Turns: 136, Time: 00:03:42

Health: -90/174    AC:  4    Str:  8    XL:     27
Magic:  45/55      EV: 45    Int: 16    God:    Makhleb [******]
Gold:   0          SH:  0    Dex: 26    Spells: 1 memorised, 79 levels left

rFire  . . .     SeeInvis +     j - +∞ Axe of Woe
rCold  . . .     Clarity  .     a - +0 robe
rNeg   . . .     SustAt   .     (shield restricted)
rPois  .         Gourm    .     (helmet restricted)
rElec  .         Spirit   .     (no cloak)
rCorr  .         Warding  .     (gloves unavailable)
rMut   .         NoTele   +     (boots unavailable)
MR     ++++.                    (no amulet)
Stlth  ++++++++++               (no ring)
                                (no ring)

@: lethally poisoned (-90 -> -107), very slightly contaminated, very quick,
incredibly resistant to hostile enchantments, uncannily stealthy
A: unfitting armour, see invisible, herbivore 3, speed 3, slow metabolism 2
a: Minor Destruction, Lesser Servant of Makhleb, Major Destruction, Greater
Servant of Makhleb, Renounce Religion


You were in the Dungeon.
You worshipped Makhleb.
Makhleb was exalted by your worship.
You were not hungry.

You visited 1 branch


Innate Abilities, Weirdness & Mutations

You are tiny and cannot use many weapons and most armour.
You have supernaturally acute eyesight.
You are a herbivore.
You cover ground extremely quickly.
You need consume almost no food.

Inventory:

Hand Weapons
 j - the +∞ Axe of Woe (weapon)
   (You found it in the Dungeon)
Armour
 a - a +0 robe (worn)
Jewellery
 k - an uncursed ring of protection from fire {rF+}
Potions
 e - a potion of heal wounds
 f - a potion of haste
 g - 2 potions of magic
 h - a potion of berserk rage
Books
 b - a book of Battle

   Spells                             Type                      Level
   a - Infusion                       Charms                       1
   b - Shroud of Golubria             Charms/Translocation         2
   c - Song of Slaying                Charms                       2
   d - Spectral Weapon                Hexes/Charms                 3
   e - Regeneration                   Charms/Necromancy            3
Comestibles
 c - a bread ration


You had 79 spell levels left.
You knew the following spells:

 Your Spells              Type           Power        Failure   Level  Hunger
a - Infusion              Chrm           ######       0%          1    None


   Skills:
 O Level 27 Fighting
 O Level 27 Axes
 O Level 27 Throwing
 O Level 27 Armour
 O Level 27 Dodging
 O Level 27 Stealth
 O Level 27 Unarmed Combat
 O Level 27 Spellcasting
 O Level 27 Charms
 O Level 27 Invocations

Dungeon Overview and Level Annotations

Branches:
Dungeon (1/1)

Altars:
Makhleb

Vault maps used:
D:        meatsprint
You       could see 2 accurseds, a destroyer, a fleshlord, a wretched soul
          (invisible), a small abomination and 2 bags of meat.


Message History

Something smites you!
* * * LOW HITPOINT WARNING * * *
The bag of meat completely misses you.
The large bag of meat moves out of view.
Items here: ))) === You take 56 damage, and have 30/174 hp.
MASSIVE DAMAGE!!
Unknown command.
You slash the dread!
You hew the dread savagely.
You destroy the dread!
Makhleb accepts your kill.
You slash the bag of meat!
You dissect the bag of meat like a pig carcass.
You kill the bag of meat!
Makhleb accepts your kill.
You feel better.
You feel sick.
You hear a shout! x4
The fleshlord gestures wildly while chanting.
The fleshlord seems to speed up.
The eight-headed meat hydra calls on the powers of darkness!
The eight-headed meat hydra convulses!
Your body is wracked with pain!
* * * LOW HITPOINT WARNING * * *
A bag of meat comes into view. It is wielding a +9 war axe.
Unknown command.
You feel sick.
You hear a shout! x7
The accursed casts a spell at you. Something smites you!
* * * LOW HITPOINT WARNING * * *
You take 14 damage, and have 17/174 hp.
Unknown command.
You hit the fleshlord.
You fatally mangle the fleshlord.
You kill the fleshlord!
Makhleb accepts your kill.
You feel better.
You feel sick.
You hear a shout! x2
The fleshlord casts a spell.
The fleshlord seems to speed up.
The bag of meat moves out of view.
You hear a shout! x2
You regained 59 hp, and now have 76/174 hp.
You feel sick.
You hear a shout! x4
A destroyer comes into view.
It is wielding a +9 great sword of slicing.
Things that are here:
a +9 great mace; a +400 ring of slaying You take 1 damage, and have 75/174 hp.
You feel sick.
You hear a shout!
The fleshlord hits you with a +9 great mace!!!!!
Ouch! That really hurt!
You die...

Action                   |  1- 3 |  4- 6 |  7- 9 | 10-12 | 13-15 | 16-18 | 19-21 | 22-24 | 25-27 || total
-------------------------+-------+-------+-------+-------+-------+-------+-------+-------+-------++-------
Melee: Broad axe         |     1 |       |       |       |     3 |     4 |     4 |     6 |    57 ||    75
  Use: Scroll            |       |       |       |       |       |       |       |       |     1 ||     1
       Potion            |       |       |       |       |       |       |       |       |     1 ||     1
 Stab: Distracted        |       |       |       |       |       |       |       |       |     1 ||     1

Notes
Turn   | Place    | Note
--------------------------------------------------------------
     0 | D        | hexophile the Spriggan Skald began the quest for the Orb.
     0 | D        | Reached XP level 1. HP: 10/10 MP: 5/5
     4 | D        | Became a worshipper of Makhleb the Destroyer
     5 | D        | Noticed a meat berserker
     5 | D        | Noticed a bag of meat
     5 | D        | Noticed a bag of meat
     5 | D        | Noticed a meat berserker
     6 | D        | Noticed a meat berserker
     6 | D        | Noticed a bag of meat
     6 | D        | Noticed a meat berserker
     7 | D        | Noticed a bag of meat
     7 | D        | Noticed a bag of meat
     8 | D        | Noticed a meat berserker
     9 | D        | Killed a bag of meat
     9 | D        | Reached skill level 19 in Axes
     9 | D        | Reached skill level 23 in Stealth
     9 | D        | Reached XP level 2. HP: 14/14 MP: 6/6
     9 | D        | Reached XP level 3. HP: 18/18 MP: 8/8
     9 | D        | Reached XP level 4. HP: 22/22 MP: 9/9
     9 | D        | Reached XP level 5. HP: 25/25 MP: 10/10
     9 | D        | Reached XP level 6. HP: 30/30 MP: 11/11
     9 | D        | Reached XP level 7. HP: 33/33 MP: 12/12
     9 | D        | Reached XP level 8. HP: 37/37 MP: 13/13
     9 | D        | Reached XP level 9. HP: 41/41 MP: 14/14
     9 | D        | Reached XP level 10. HP: 46/46 MP: 15/15
     9 | D        | Reached XP level 11. HP: 49/49 MP: 16/16
     9 | D        | Killed a meat berserker
     9 | D        | Reached * piety under Makhleb
     9 | D        | Reached skill level 24 in Axes
     9 | D        | Reached skill level 27 in Stealth
     9 | D        | Reached XP level 12. HP: 53/53 MP: 17/17
     9 | D        | Reached XP level 13. HP: 57/57 MP: 18/18
    10 | D        | Noticed a meat berserker
    10 | D        | Noticed a meat berserker
    10 | D        | Killed a meat berserker
    10 | D        | Reached skill level 27 in Axes
    10 | D        | Reached skill level 4 in Fighting
    10 | D        | Reached skill level 8 in Dodging
    10 | D        | Reached skill level 7 in Spellcasting
    10 | D        | Reached skill level 9 in Charms
    10 | D        | Reached XP level 14. HP: 60/67 MP: 18/25
    12 | D        | Noticed a bag of meat
    13 | D        | Noticed a bag of meat
    13 | D        | Noticed a bag of meat
    14 | D        | Noticed a bag of meat
    15 | D        | Noticed a bag of meat
    17 | D        | Noticed a bag of meat
    17 | D        | Noticed a bag of meat
    18 | D        | Noticed a bag of meat
    18 | D        | Noticed a large bag of meat
    18 | D        | Noticed a bag of meat
    18 | D        | Noticed a bag of meat
    19 | D        | Noticed a bag of meat
    19 | D        | Noticed a bag of meat
    19 | D        | Killed a bag of meat
    19 | D        | Reached ** piety under Makhleb
    19 | D        | Reached skill level 8 in Fighting
    19 | D        | Reached skill level 13 in Dodging
    19 | D        | Reached skill level 11 in Spellcasting
    19 | D        | Reached skill level 13 in Charms
    19 | D        | Reached XP level 15. HP: 44/77 MP: 19/31
    20 | D        | Noticed a meat berserker
    20 | D        | Noticed a large bag of meat
    20 | D        | Killed a bag of meat
    20 | D        | Reached skill level 10 in Fighting
    20 | D        | Reached skill level 16 in Dodging
    20 | D        | Reached skill level 13 in Spellcasting
    20 | D        | Reached skill level 16 in Charms
    20 | D        | Killed a bag of meat
    20 | D        | Reached *** piety under Makhleb
    20 | D        | Reached skill level 11 in Fighting
    20 | D        | Reached skill level 18 in Dodging
    20 | D        | Reached skill level 16 in Spellcasting
    20 | D        | Reached skill level 18 in Charms
    20 | D        | Killed a bag of meat
    20 | D        | Reached skill level 13 in Fighting
    20 | D        | Reached skill level 20 in Dodging
    20 | D        | Reached skill level 17 in Spellcasting
    20 | D        | Reached skill level 20 in Charms
    20 | D        | Reached XP level 16. HP: 88/91 MP: 19/38
    21 | D        | Killed a meat berserker
    21 | D        | Reached skill level 15 in Fighting
    21 | D        | Reached skill level 23 in Dodging
    21 | D        | Reached skill level 20 in Spellcasting
    21 | D        | Reached skill level 23 in Charms
    22 | D        | Noticed a meat berserker
    22 | D        | Noticed a bag of meat
    22 | D        | Noticed a destroyer
    22 | D        | Killed a bag of meat
    22 | D        | Reached **** piety under Makhleb
    22 | D        | Reached skill level 16 in Fighting
    22 | D        | Reached skill level 24 in Dodging
    22 | D        | Reached skill level 21 in Spellcasting
    22 | D        | Reached skill level 25 in Charms
    22 | D        | Reached XP level 17. HP: 98/101 MP: 19/43
    22 | D        | Killed a meat berserker
    22 | D        | Reached skill level 18 in Fighting
    22 | D        | Reached skill level 27 in Dodging
    22 | D        | Reached skill level 24 in Spellcasting
    22 | D        | Reached skill level 27 in Charms
    23 | D        | Noticed a meat berserker
    23 | D        | Noticed a bag of meat
    23 | D        | Killed a meat berserker
    23 | D        | Reached ***** piety under Makhleb
    23 | D        | Reached skill level 21 in Fighting
    23 | D        | Reached skill level 27 in Spellcasting
    23 | D        | Reached XP level 18. HP: 108/116 MP: 19/50
    24 | D        | Killed a bag of meat
    24 | D        | Reached skill level 23 in Fighting
    24 | D        | Killed a bag of meat
    24 | D        | Reached skill level 25 in Fighting
    24 | D        | Killed a meat berserker
    24 | D        | Reached skill level 27 in Fighting
    24 | D        | Reached skill level 8 in Throwing
    24 | D        | Reached skill level 6 in Armour
    24 | D        | Reached skill level 7 in Unarmed Combat
    24 | D        | Reached skill level 8 in Invocations
    24 | D        | Reached XP level 19. HP: 125/132 MP: 19/51
    24 | D        | Killed a bag of meat
    24 | D        | Reached skill level 11 in Throwing
    24 | D        | Reached skill level 8 in Armour
    24 | D        | Reached skill level 9 in Unarmed Combat
    24 | D        | Reached skill level 11 in Invocations
    24 | D        | Killed a large bag of meat
    24 | D        | Reached skill level 12 in Throwing
    24 | D        | Reached skill level 10 in Armour
    24 | D        | Reached skill level 11 in Unarmed Combat
    24 | D        | Reached skill level 12 in Invocations
    25 | D        | Noticed a bag of meat
    25 | D        | Noticed a bag of meat
    25 | D        | Noticed a bag of meat
    25 | D        | Noticed a bag of meat
    26 | D        | Noticed a bag of meat
    26 | D        | Noticed a meat berserker
    26 | D        | Noticed a bag of meat
    26 | D        | Noticed a meat berserker
    26 | D        | Noticed a bag of meat
    27 | D        | Killed a destroyer
    27 | D        | Reached ****** piety under Makhleb
    27 | D        | Reached skill level 16 in Throwing
    27 | D        | Reached skill level 13 in Armour
    27 | D        | Reached skill level 14 in Unarmed Combat
    27 | D        | Reached skill level 16 in Invocations
    27 | D        | Killed a meat berserker
    27 | D        | Reached skill level 19 in Throwing
    27 | D        | Reached skill level 15 in Armour
    27 | D        | Reached skill level 16 in Unarmed Combat
    27 | D        | Reached skill level 19 in Invocations
    27 | D        | Reached XP level 20. HP: 137/137 MP: 20/52
    27 | D        | Killed a bag of meat
    27 | D        | Reached skill level 16 in Armour
    27 | D        | Reached skill level 17 in Unarmed Combat
    27 | D        | Killed a meat berserker
    27 | D        | Reached skill level 21 in Throwing
    27 | D        | Reached skill level 17 in Armour
    27 | D        | Reached skill level 18 in Unarmed Combat
    27 | D        | Reached skill level 21 in Invocations
    27 | D        | Killed a bag of meat
    27 | D        | Reached skill level 22 in Throwing
    27 | D        | Reached skill level 18 in Armour
    27 | D        | Reached skill level 19 in Unarmed Combat
    27 | D        | Reached skill level 22 in Invocations
    28 | D        | Noticed a bag of meat
    28 | D        | Noticed a large bag of meat
    28 | D        | Killed a meat berserker
    28 | D        | Reached skill level 23 in Throwing
    28 | D        | Reached skill level 19 in Armour
    28 | D        | Reached skill level 20 in Unarmed Combat
    28 | D        | Reached skill level 23 in Invocations
    28 | D        | Reached XP level 21. HP: 142/142 MP: 20/53
    28 | D        | Killed a bag of meat
    28 | D        | Reached skill level 24 in Throwing
    28 | D        | Reached skill level 20 in Armour
    28 | D        | Reached skill level 21 in Unarmed Combat
    28 | D        | Reached skill level 24 in Invocations
    29 | D        | Noticed a bag of meat
    29 | D        | Noticed a destroyer
    29 | D        | Noticed a bag of meat
    29 | D        | Noticed a bag of meat
    30 | D        | Noticed a bag of meat
    30 | D        | Killed a bag of meat
    30 | D        | Reached skill level 25 in Throwing
    30 | D        | Reached skill level 22 in Unarmed Combat
    30 | D        | Reached skill level 25 in Invocations
    30 | D        | Killed a bag of meat
    30 | D        | Reached skill level 21 in Armour
    31 | D        | Noticed a bag of meat
    31 | D        | Noticed a bag of meat
    31 | D        | Noticed a destroyer
    31 | D        | Killed a meat berserker
    31 | D        | Reached skill level 27 in Throwing
    31 | D        | Reached skill level 22 in Armour
    31 | D        | Reached skill level 23 in Unarmed Combat
    31 | D        | Reached skill level 27 in Invocations
    31 | D        | Reached XP level 22. HP: 148/148 MP: 21/54
    31 | D        | Killed a meat berserker
    31 | D        | Reached skill level 23 in Armour
    31 | D        | Reached skill level 25 in Unarmed Combat
    31 | D        | Killed a destroyer
    31 | D        | Reached skill level 26 in Armour
    31 | D        | Reached skill level 27 in Unarmed Combat
    32 | D        | Noticed a bag of meat
    32 | D        | Killed a bag of meat
    32 | D        | Reached skill level 27 in Armour
    32 | D        | Killed a bag of meat
    32 | D        | Killed a meat berserker
    32 | D        | Reached XP level 23. HP: 153/153 MP: 21/55
    32 | D        | Killed a bag of meat
    33 | D        | Noticed a bag of meat
    34 | D        | Killed a bag of meat
    34 | D        | Killed a bag of meat
    35 | D        | Noticed a sculptor of flesh
    35 | D        | Noticed a meat berserker
    35 | D        | Killed a bag of meat
    35 | D        | Killed a bag of meat
    36 | D        | Noticed a bag of meat
    36 | D        | Killed a meat berserker
    36 | D        | Reached XP level 24. HP: 158/158 MP: 22/55
    36 | D        | Killed a bag of meat
    36 | D        | Killed a bag of meat
    37 | D        | Noticed a destroyer
    37 | D        | Noticed a bag of meat
    37 | D        | Noticed a bag of meat
    37 | D        | Noticed a meat berserker
    37 | D        | Noticed a large bag of meat
    37 | D        | Noticed a bag of meat
    37 | D        | Noticed a bag of meat
    37 | D        | Noticed a bag of meat
    38 | D        | Noticed a bag of meat
    38 | D        | Killed a bag of meat
    38 | D        | Killed a large bag of meat
    39 | D        | Noticed a bag of meat
    40 | D        | Killed a bag of meat
    40 | D        | Killed a meat berserker
    40 | D        | Killed a bag of meat
    40 | D        | Reached XP level 25. HP: 163/163 MP: 23/55
    41 | D        | Noticed a bag of meat
    41 | D        | Killed a bag of meat
    41 | D        | Killed a bag of meat
    41 | D        | Killed a destroyer
    42 | D        | Noticed a bag of meat
    42 | D        | Killed a bag of meat
    42 | D        | Killed a bag of meat
    44 | D        | Noticed a large bag of meat
    45 | D        | Noticed a bag of meat
    47 | D        | Killed a bag of meat
    48 | D        | Killed a bag of meat
    48 | D        | Killed a bag of meat
    48 | D        | Reached XP level 26. HP: 169/169 MP: 25/55
    49 | D        | Noticed a sculptor of flesh
    49 | D        | Killed a bag of meat
    49 | D        | Killed a bag of meat
    51 | D        | Noticed a destroyer
    51 | D        | Noticed a destroyer
    52 | D        | Killed a destroyer
    52 | D        | Killed a bag of meat
    55 | D        | Noticed an accursed
    56 | D        | Killed an accursed
    56 | D        | Reached XP level 27. HP: 171/171 MP: 27/55
    56 | D        | Killed a bag of meat
    58 | D        | Noticed a tyrant
    58 | D        | Noticed a destroyer
    60 | D        | Noticed a tyrant
    63 | D        | Noticed a tyrant
    64 | D        | Killed a tyrant
    64 | D        | Killed a large bag of meat
    65 | D        | Noticed a destroyer
    65 | D        | Killed a destroyer
    65 | D        | Killed a bag of meat
    66 | D        | Killed a destroyer
    67 | D        | Killed a tyrant
    68 | D        | Killed a destroyer
    69 | D        | Killed a bag of meat
    72 | D        | Noticed a bag of meat
    72 | D        | Noticed a bag of meat
    73 | D        | Noticed a bag of meat
    73 | D        | Noticed a bag of meat
    73 | D        | Noticed a meat berserker
    73 | D        | Noticed a meat berserker
    74 | D        | Noticed a bag of meat
    74 | D        | Noticed a bag of meat
    74 | D        | Noticed a destroyer
    74 | D        | Noticed a meat berserker
    74 | D        | Noticed a destroyer
    74 | D        | Noticed a sculptor of flesh
    76 | D        | Noticed a meat berserker
    76 | D        | Killed a bag of meat
    77 | D        | Noticed a bag of meat
    77 | D        | Killed a destroyer
    78 | D        | Noticed a bag of meat
    78 | D        | Noticed a meat berserker
    78 | D        | Noticed a meat beast
    78 | D        | Killed a meat berserker
    78 | D        | Killed a meat berserker
    79 | D        | Noticed a meat berserker
    79 | D        | Noticed a bag of meat
    79 | D        | Noticed a destroyer
    80 | D        | Noticed a bag of meat
    80 | D        | Noticed a meat berserker
    80 | D        | Killed a bag of meat
    81 | D        | Noticed a bag of meat
    81 | D        | Noticed a meat berserker
    81 | D        | Killed a destroyer
    82 | D        | Noticed a sculptor of flesh
    82 | D        | Noticed a bag of meat
    82 | D        | Noticed a meat beast
    82 | D        | Killed a destroyer
    83 | D        | Noticed a wretched soul
    83 | D        | Killed a meat berserker
    83 | D        | Killed a meat berserker
    84 | D        | Noticed a meat berserker
    84 | D        | Noticed a bag of meat
    84 | D        | Killed a destroyer
    84 | D        | Killed a meat berserker
    84 | D        | Killed a meat beast
    84 | D        | Killed a bag of meat
    85 | D        | Killed a bag of meat
    85 | D        | Killed a sculptor of flesh
    86 | D        | Noticed a bag of meat
    86 | D        | Killed a large bag of meat
    86 | D        | Killed a large bag of meat
    87 | D        | Noticed a meat beast
    87 | D        | Noticed a bag of meat
    87 | D        | Killed a meat berserker
    87 | D        | Killed a bag of meat
    87 | D        | Killed a bag of meat
    87 | D        | Killed a bag of meat
    88 | D        | Killed a meat berserker
    88 | D        | Killed a meat beast
    88 | D        | Killed a tyrant
    88 | D        | Killed a bag of meat
    89 | D        | Noticed a bag of meat
    89 | D        | Killed a bag of meat
    89 | D        | Killed a meat berserker
    89 | D        | Killed a bag of meat
    90 | D        | Noticed a bag of meat
    90 | D        | Noticed a meat berserker
    90 | D        | Killed a bag of meat
    90 | D        | Killed a meat beast
    91 | D        | Killed a bag of meat
    91 | D        | Killed a bag of meat
    92 | D        | Noticed a bag of meat
    92 | D        | Noticed a meat berserker
    92 | D        | Killed a bag of meat
    93 | D        | Noticed a bag of meat
    93 | D        | Noticed a bag of meat
    94 | D        | Noticed an observer
    94 | D        | Noticed a dread
    96 | D        | Killed a meat berserker
    97 | D        | Killed a bag of meat
    98 | D        | Killed a meat berserker
    99 | D        | Noticed a bag of meat
    99 | D        | Killed a bag of meat
    99 | D        | Killed a wretched soul
    99 | D        | Noticed a bag of meat
   100 | D        | Noticed an accursed
   100 | D        | Killed a sculptor of flesh
   100 | D        | Killed a sculptor of flesh
   100 | D        | Killed a bag of meat
   101 | D        | Noticed a bag of meat
   101 | D        | Noticed an accursed
   101 | D        | Killed a bag of meat
   101 | D        | Killed a bag of meat
   102 | D        | Killed an observer
   102 | D        | Killed a meat berserker
   102 | D        | Killed an accursed
   103 | D        | Noticed an observer
   103 | D        | Noticed a destroyer
   103 | D        | Noticed a meat berserker
   104 | D        | Killed a dread
   104 | D        | HP: 5/171 [observer/fireball (118)]
   105 | D        | Noticed an observer
   105 | D        | Killed a bag of meat
   107 | D        | Noticed a bag of meat
   107 | D        | Killed a bag of meat
   107 | D        | Killed a bag of meat
   108 | D        | Noticed a meat beast
   108 | D        | Killed a bag of meat
   109 | D        | Noticed a wretched soul
   109 | D        | Killed a bag of meat
   109 | D        | Killed an observer
   109 | D        | Killed a bag of meat
   110 | D        | Killed a meat berserker
   111 | D        | Noticed a bag of meat
   111 | D        | Killed a meat beast
   111 | D        | Killed a bag of meat
   113 | D        | Noticed a dread
   113 | D        | Killed an accursed
   113 | D        | Killed a bag of meat
   113 | D        | Killed a bag of meat
   115 | D        | Killed an observer
   115 | D        | Killed a destroyer
   116 | D        | Noticed a dread
   116 | D        | Killed a wretched soul
   116 | D        | Killed a bag of meat
   117 | D        | Noticed a meat beast
   117 | D        | Noticed a dread
   117 | D        | Killed a bag of meat
   118 | D        | Noticed a destroyer
   118 | D        | Noticed a meat berserker
   119 | D        | Noticed an accursed
   120 | D        | Noticed a meat beast
   120 | D        | Killed a bag of meat
   120 | D        | Killed a dread
   121 | D        | Noticed a wretched soul
   121 | D        | Killed a meat beast
   121 | D        | Killed a sculptor of flesh
   122 | D        | Noticed an accursed
   122 | D        | HP: 8/171 [??? (5)]
   124 | D        | Noticed a bag of meat
   124 | D        | Killed a meat berserker
   124 | D        | Killed a destroyer
   125 | D        | Killed a meat beast
   126 | D        | Noticed a bag of meat
   126 | D        | Noticed a fleshlord
   127 | D        | Noticed a bag of meat
   127 | D        | Killed a bag of meat
   128 | D        | HP: 7/174 [??? (5)]
   129 | D        | Noticed a fleshlord
   130 | D        | Killed a dread
   131 | D        | Noticed a large bag of meat
   132 | D        | Killed a dread
   132 | D        | Killed a bag of meat
   133 | D        | Noticed a bag of meat
   134 | D        | Killed a fleshlord
   136 | D        | Noticed a destroyer
   136 | D        | Annihilated by a fleshlord

Table legend:
 A = Turns spent in this place as a percentage of turns spent in the entire game.
 B = Non-inter-level travel turns spent in this place as a percentage of non-inter-level travel turns spent in the entire game.
 C = Inter-level travel turns spent in this place as a percentage of turns spent in this place.
 D = Turns resting spent in this place as a percentage of non-inter-level travel turns spent in this place.
 E = Turns spent auto-exploring this place as a percentage of non-inter-level travel turns spent in this place.
 F = Non-inter-level travel turns spent in this place divided by the number of levels of this place that you've seen.
                   A       B       C       D       E      F
               +-------+-------+-------+-------+-------+----------------------
         Total | 100.0 | 100.0 |   0.0 |   0.0 |   0.0 | 248.0
       Dungeon | 100.0 | 100.0 |   0.0 |   0.0 |   0.0 | 248.0
               +-------+-------+-------+-------+-------+----------------------

Table legend:
 A = Kills in this place as a percentage of kills in entire the game.
 B = Kills by you in this place as a percentage of kills by you in the entire game.
 C = Kills by friends in this place as a percentage of kills by friends in the entire game.
 D = Other kills in this place as a percentage of other kills in the entire game.
 E = Experience gained in this place as a percentage of experience gained in the entire game.
 F = Experience gained in this place divided by the number of levels of this place that you have seen.
                   A       B       C       D       E      F
               +-------+-------+-------+-------+-------+----------------------
         Total | 100.0 | 100.0 |  -nan |  -nan | 100.0 | 4871814.0
       Dungeon | 100.0 | 100.0 |  -nan |  -nan | 100.0 | 4871814.0
               +-------+-------+-------+-------+-------+----------------------

Vanquished Creatures
  A hell knight (D)
  6 hell beasts (D)
  3 greater mummies (D)
  3 great orbs of eyes (D)
  4 wraiths (D)
  13 vampire knights (D)
  27 ogres (D)
  3 liches (D)
  A hydra (D)
  72 orcs (D)
  2 phantoms (D)
  5 hill giants (D)
  4 skeletal warriors (D)
  2 sea snakes (D)
  3 large abominations (D)
  13 small abominations (D)
  7 crawling corpses (D)
169 creatures vanquished.

Vanquished Creatures (others)
  5 crawling corpses (D)
5 creatures vanquished.

Grand Total: 174 creatures vanquished
